 Dungeon Crawl Stone Soup version 0.21.1-1-g345015f (webtiles) character file.

1304 snha the Cleaver (level 8, -2/64 HPs)
             Began as a Hill Orc Fighter on June 6, 2018.
             Was a Follower of Makhleb.
             Slain by an ogre
             ... wielding a +0 giant club
              (22 damage)
             ... on level 5 of the Dungeon.
             The game lasted 00:10:16 (4431 turns).

snha the Cleaver (Hill Orc Fighter)                 Turns: 4431, Time: 00:10:16

Health: -2/64      AC: 11    Str: 19    XL:     8   Next: 57%
Magic:  7/7        EV:  7    Int:  8    God:    Makhleb [*.....]
Gold:   193        SH:  0    Dex: 10    Spells: 7/7 levels left

rFire    . . .     SeeInvis .   a - +0 war axe
rCold    . . .     Gourm    .   (no shield)
rNeg     . . .     Faith    .   n - +1 chain mail
rPois    .         Spirit   .   t - +0 helmet
rElec    .         Reflect  .   (no cloak)
rCorr    .         Harm     .   (no gloves)
MR       .....                  (no boots)
Stlth    ..........             (no amulet)
HPRegen  0.20/turn              (no ring)
MPRegen  0.10/turn              (no ring)

@: no status effects
A: claws 1, dopey 1, low mp 1, subdued magic 1
a: Renounce Religion


You were on level 5 of the Dungeon.
You worshipped Makhleb.
Makhleb was aware of your devotion.
You were not hungry.

You visited 2 branches of the dungeon, and saw 6 of its levels.

You collected 193 gold pieces.

Inventory:

Hand Weapons
 a - a +0 war axe (weapon)
Armour
 b - a +0 scale mail
 c - a +0 shield
 n - a +1 chain mail (worn)
 t - a +0 helmet (worn)
Jewellery
 l - an uncursed amulet of magic regeneration
Wands
 u - a wand of random effects (23)
Scrolls
 i - 3 scrolls of identify
 j - a scroll of fog {unknown}
 k - a scroll of enchant armour
 p - 2 scrolls of teleportation
 q - a scroll of magic mapping
 r - a scroll of blinking {unknown}
Potions
 d - a potion of might
 e - a potion of brilliance
 g - a potion of mutation
 h - a potion of cancellation {unknown}
 o - a potion of haste {unknown}
 w - a potion of ambrosia
 x - a potion of lignification {unknown}
Books
 y - a book of Minor Magic

   Spells                             Type                      Level
   a - Magic Dart                     Conjuration                  1
   b - Blink                          Translocation                2
   c - Call Imp                       Summoning                    2
   d - Slow                           Hexes                        2
   e - Conjure Flame                  Conjuration/Fire             3
   f - Mephitic Cloud                 Conjuration/Poison/Air       3
Comestibles
 f - 6 rations
 s - 8 chunks of flesh


   Skills:
 - Level 3.6 Fighting
 + Level 13.0 Axes
 - Level 3.2 Armour
 - Level 3.2 Shields


You had 7 spell levels left.
You didn't know any spells.

Dungeon Overview and Level Annotations

Branches:
Dungeon (5/15)             Temple (1/1) D:4

Altars:
Dithmenos
Elyvilon
Hepliaklqana
Makhleb
Zin
The Shining One


Innate Abilities, Weirdness & Mutations

You have sharp fingernails.
You are dopey. (Int -2)
Your magical capacity is low. (-10% MP)
Your spells are a little easier to cast, but a little less powerful.


Message History

The ogre hits you with a giant club.
Things that are here:
a dagger; a robe You hit the ogre.
The ogre is lightly wounded.
The ogre hits you with a giant club.
You hit the ogre.
The ogre is moderately wounded.
You hit the ogre.
The ogre is heavily wounded.
The ogre hits you with a giant club!
You barely miss the ogre.
The ogre is heavily wounded.
The ogre barely misses you.
You slash the ogre!
The ogre is almost dead.
You completely miss the ogre.
The ogre is almost dead.
The ogre hits you with a giant club!!
You die...

.....(..............# .#
......######........# .#
...........>........# .#
####.#.###.........+ .#
#.#.............# ##
##.#..#..........#
.................#
............###.....
............@#############
............)O...........#
............##########...#
............# #...#...#
.......#..# #.#.#...#
........#..# #.#.#...#
........#..######.#.....#
.>......#...(.).....#.#.#
........#.(######.#.....#


You could see an ogre.

Vanquished Creatures
  Menkaure (D:4)
  Duvessa (D:4)
  An ogre (D:5)
  2 centaurs (D:5)
  Dowan (D:4)
  2 scorpions
  2 crimson imps (D:5)
  3 hounds
  2 orc priests
  2 jellies (D:4)
  2 orc wizards
  A bullfrog skeleton (D:5)
  An iguana (D:4)
  Natasha (thrice) (D:3)
  A worker ant (D:5)
  A worker ant zombie (D:5)
  3 adders
  10 oozes
  An adder skeleton (D:5)
  3 worms
  A dart slug (D:1)
  7 leopard geckos
  9 orcs
  3 ball pythons
  2 giant cockroaches
  4 goblins
  7 hobgoblins
  11 jackals
  7 bats
  3 frilled lizards
  16 kobolds
  8 rats
121 creatures vanquished.

Vanquished Creatures (others)
  8 toadstools (D:4)
8 creatures vanquished.

Grand Total: 129 creatures vanquished

Notes
Turn   | Place    | Note
-------+----------+-------------------------------------------
     0 | D:1      | snha the Hill Orc Fighter began the quest for the Orb.
     0 | D:1      | Reached XP level 1. HP: 19/19 MP: 1/1
    98 | D:1      | Reached skill level 3 in Axes
   112 | D:1      | Reached XP level 2. HP: 19/26 MP: 2/2
   310 | D:1      | Reached skill level 4 in Axes
   537 | D:1      | Reached XP level 3. HP: 31/31 MP: 3/3
   945 | D:1      | Reached skill level 5 in Axes
  1358 | D:2      | Reached XP level 4. HP: 38/39 MP: 4/4
  1462 | D:2      | Reached skill level 6 in Axes
  1525 | D:3      | Noticed Natasha
  1532 | D:3      | Killed Natasha
  1717 | D:3      | Reached XP level 5. HP: 45/45 MP: 5/5
  1735 | D:3      | Noticed Natasha
  1742 | D:3      | Killed Natasha
  1742 | D:3      | Reached skill level 7 in Axes
  1789 | D:3      | Found a white marble altar of Elyvilon.
  1811 | D:3      | Found a hazy altar of Hepliaklqana.
  1850 | D:3      | Noticed Natasha
  1854 | D:3      | Killed Natasha
  1862 | D:3      | Found a shadowy altar of Dithmenos.
  2054 | D:3      | Found a glowing silver altar of Zin.
  2354 | D:4      | Found a burning altar of Makhleb.
  2361 | D:4      | Became a worshipper of Makhleb the Destroyer
  2616 | D:4      | Noticed Duvessa
  2627 | D:4      | Killed Duvessa
  2627 | D:4      | Reached skill level 8 in Axes
  2627 | D:4      | Reached XP level 6. HP: 35/51 MP: 6/6
  2660 | D:4      | Noticed Dowan
  2679 | D:4      | Killed Dowan
  2679 | D:4      | Reached skill level 9 in Axes
  2712 | D:4      | Found a staircase to the Ecumenical Temple.
  2741 | D:4      | Found a glowing golden altar of the Shining One.
  2872 | D:4      | Reached XP level 7. HP: 54/57 MP: 7/7
  2926 | D:4      | Reached * piety under Makhleb
  2926 | D:4      | Reached skill level 10 in Axes
  3249 | D:4      | Noticed Menkaure
  3255 | D:4      | Killed Menkaure
  3414 | Temple   | Entered the Ecumenical Temple
  3510 | D:4      | Reached skill level 11 in Axes
  3786 | D:5      | Entered Level 5 of the Dungeon
  3795 | D:5      | Reached XP level 8. HP: 55/64 MP: 8/8
  3833 | D:5      | Reached skill level 12 in Axes
  4270 | D:5      | Reached skill level 13 in Axes
  4415 | D:5      | Gained mutation: You are dopey. (Int -2) [potion of mutation]
  4415 | D:5      | Gained mutation: Your spells are a little easier to cast, but a little less powerful. [potion of mutation]
  4415 | D:5      | Gained mutation: Your magical capacity is low. (-10% MP) [potion of mutation]
  4415 | D:5      | Gained mutation: You have sharp fingernails. [potion of mutation]
  4431 | D:5      | Slain by an ogre

Skill      XL: |  1  2  3  4  5  6  7  8 |
---------------+-------------------------+-----
Axes           | 3 4 5 6 8 9 11 13 | 13.0
Fighting       | |  3.6
Armour         | |  3.2
Shields        | |  3.2

Action                   |  1- 3 |  4- 6 |  7- 9 || total
-------------------------+-------+-------+-------++-------
Melee: War axe           |   108 |   133 |   143 ||   384
  Use: Potion            |       |     2 |     4 ||     6
       Scroll            |       |       |     9 ||     9
  Eat: Chunk             |     2 |     2 |     4 ||     8
       Ration            |       |     1 |       ||     1
Armor: Scale mail        |    45 |       |       ||    45
       Chain mail        |    11 |    87 |    66 ||   164
Dodge: Dodged            |    64 |    39 |    52 ||   155
